 Dungeon Crawl Stone Soup version 0.26.1-2-gb8aa6d0cf2 (console) character file.

Game seed: 10862466754280639819

2212 doot the Thaumaturge (level 9, -3/46 HPs)
             Began as a Deep Elf Conjurer on Feb 11, 2021.
             Was an Initiate of Sif Muna.
             Shot with an arrow by a centaur (5 damage)
             ... on level 8 of the Dungeon.
             The game lasted 00:11:18 (7060 turns).

doot the Thaumaturge (Deep Elf Conjurer)            Turns: 7060, Time: 00:11:19

Health: -3/46      AC:  4    Str:  4    XL:     9   Next: 13%
Magic:  17/25      EV: 18    Int: 29    God:    Sif Muna [......]
Gold:   378        SH:  0    Dex: 13    Spells: 18/29 levels left

rFire    + . .     SeeInvis .   r - staff of fire
rCold    . . .     Faith    .   (no shield)
rNeg     . . .     Spirit   .   a - +0 robe
rPois    .         Reflect  .   (no helmet)
rElec    .         Harm     .   (no cloak)
rCorr    .         Rampage  .   k - +0 pair of gloves
Will     .....                  p - +0 pair of boots
Stlth    +++.......             (no amulet)
HPRegen  0.15/turn              o - ring "Ilipe" {EV+4 Int+2}
MPRegen  0.19/turn              (no ring)

@: no status effects
A: no striking features
a: Renounce Religion


You were on level 8 of the Dungeon.
You worshipped Sif Muna.
Sif Muna was noncommittal.
You visited 2 branches of the dungeon, and saw 9 of its levels.

You collected 417 gold pieces.
You spent 39 gold pieces at shops.

Inventory:

Hand Weapons
 f - a +0 dagger
Armour
 a - a +0 robe (worn)
 k - a +0 pair of gloves (worn)
 p - a +0 pair of boots (worn)
Magical Staves
 r - an uncursed staff of fire (weapon)
 u - an uncursed staff of earth
Jewellery
 o - the ring "Ilipe" (left hand) {EV+4 Int+2}
   (You found it on level 5 of the Dungeon)

   [ring of evasion]

   It affects your evasion (+4).
   It affects your intelligence (+2).
Wands
 A - a wand of disintegration (15)
Scrolls
 b - 3 scrolls of remove curse
 h - a scroll of random uselessness {unknown}
 j - 2 scrolls of blinking {unknown}
 l - 3 scrolls of teleportation {unknown}
 m - 2 scrolls of amnesia {unknown}
 n - 3 scrolls of identify {unknown}
 t - a scroll of fog {unknown}
 w - a scroll of holy word {unknown}
 y - a scroll of silence {unknown}
Potions
 c - a potion of cancellation {unknown}
 d - 6 potions of curing
 e - 3 potions of lignification {unknown}
 g - a potion of heal wounds {unknown}
 i - a potion of magic {unknown}
 q - a potion of resistance {unknown}
 s - a potion of haste {unknown}
 v - a potion of berserk rage {unknown}
 x - 3 potions of attraction {unknown}
 z - 2 potions of degeneration {unknown}


   Skills:
 + Level 0.3 Fighting
 + Level 4.4 Dodging
 + Level 5.3 Stealth
 + Level 10.5 Spellcasting
 + Level 9.6 Conjurations
 + Level 1.4 Hexes


You had 18 spell levels left.
You knew the following spells:

 Your Spells              Type           Power        Failure   Level
a - Magic Dart            Conj           100%         1%          1
b - Searing Ray           Conj           100%         1%          2
c - Iskenderun's Mystic   Conj/Tloc      43%          4%          4
d - Fulminant Prism       Conj/Hex       23%          3%          4

Your spell library contained the following spells:

 Spells                   Type           Power        Failure   Level
 Dazzling Flash           Conj/Hex       94%          1%          3


Dungeon Overview and Level Annotations

Branches:
Dungeon (8/15)             Temple (1/1) D:7
   Lair: D:8-11

Altars:
Cheibriados
Elyvilon
Fedhas
Kikubaaqudgha
Okawaru
Qazlal
Ru
Sif Muna
Uskayaw
Wu Jian
Xom
Zin
The Shining One

Shops:
D:6 !*}   D:7 }


Message History

Aim: an orc, wielding a +0 hand axe of venom and wearing a +0 leather armour (lightly wounded, 17% to evade)
The searing ray hits the orc!
You kill the orc!
Sif Muna accepts your kill. (Press . to maintain the ray.)
The centaur shouts!
The centaur wields a +0 shortbow.
The centaur shoots an arrow.
The arrow hits you!
Unknown command.
The centaur shoots an arrow.
The arrow hits you!
You see here an arrow.
The centaur shoots an arrow.
The arrow hits you!
* * * LOW HITPOINT WARNING * * *
You hear a shout!
You see here an arrow.
The centaur shoots an arrow.
The arrow hits you!
* * * LOW HITPOINT WARNING * * *
There is a stone staircase leading up here.
You see here an arrow.
The centaur shoots an arrow.
The arrow hits you.
You die...

.#.# #.#
###.....?..
..#.#.#.#
########.)....
.........c#.#.#.#
###)............
#.......#.#.#.#.
#.......#... .
#.......#..#.#.
#...)#o.##.....
#...((.@....# #$
##...#(.##.#...
.......#.......#
########.###.##.
... .# ##.# . #.#
#.# #..


You could see a centaur and an orc.

Vanquished Creatures
  An orc warrior (D:6)
  An ice beast (D:8)
  2 sky beasts
  A phantom (D:6)
  A necrophage (D:5)
  3 centaurs (D:6)
  A big kobold (D:7)
  A bullfrog (D:7)
  3 scorpions
  3 wights (D:5)
  A bullfrog zombie (D:4)
  4 howler monkeys
  4 hounds
  A jelly (D:6)
  4 orc priests
  2 bullfrog skeletons
  5 orc wizards
  An iguana (D:4)
  4 worker ants
  A hound zombie (D:6)
  A hound skeleton (D:6)
  5 worker ant zombies
  5 adders
  A howler monkey skeleton (D:5)
  A white imp (D:7)
  An ooze (D:6)
  An adder skeleton (D:7)
  4 adder zombies (D:4)
  A worm (D:3)
  2 dart slugs
  4 leopard geckos
  17 orcs
  3 giant cockroaches
  5 goblins
  3 hobgoblins
  2 jackals (D:7)
  4 quokkas
  A ball python (D:1)
  3 bats
  A frilled lizard (D:2)
  A giant cockroach zombie (D:4)
  2 jackal skeletons (D:4)
  10 kobolds
  3 rats (D:1)
  A butterfly (D:7)
126 creatures vanquished.

Vanquished Creatures (others)
  5 fulminant prisms
  A withered plant (D:4)
6 creatures vanquished.

Grand Total: 132 creatures vanquished

Notes
Turn   | Place    | Note
-------+----------+-------------------------------------------
     0 | D:1      | doot the Deep Elf Conjurer began the quest for the Orb.
     0 | D:1      | Reached XP level 1. HP: 10/10 MP: 6/6
   164 | D:1      | Reached XP level 2. HP: 11/15 MP: 0/8
   219 | D:1      | Learned a level 2 spell: Searing Ray
   267 | D:1      | Reached skill level 5 in Conjurations
   510 | D:2      | Reached XP level 3. HP: 19/19 MP: 4/9
  1514 | D:4      | Reached XP level 4. HP: 24/24 MP: 5/11
  1567 | D:4      | Learned a level 4 spell: Iskenderun's Mystic Blast
  1640 | D:4      | Found a glowing silver altar of Zin.
  1642 | D:4      | Found a snail-covered altar of Cheibriados.
  1644 | D:4      | Found a stormy altar of Qazlal.
  2029 | D:4      | Reached XP level 5. HP: 23/28 MP: 4/12
  2109 | D:4      | Reached skill level 4 in Spellcasting
  2469 | D:4      | Noticed a sky beast
  2516 | D:4      | Reached skill level 5 in Spellcasting
  2516 | D:4      | Reached XP level 6. HP: 32/32 MP: 7/15
  2641 | D:3      | Killed a sky beast
  3000 | D:4      | Learned a level 4 spell: Fulminant Prism
  3178 | D:4      | Reached XP level 7. HP: 28/36 MP: 9/17
  3285 | D:4      | Reached skill level 6 in Spellcasting
  3540 | D:5      | Entered Level 5 of the Dungeon
  3847 | D:5      | Got a brightly glowing marble ring
  3898 | D:5      | Identified the ring "Ilipe" {EV+4 Int+2} (You found it on
                  | level 5 of the Dungeon)
  3901 | D:5      | Reached skill level 7 in Spellcasting
  4195 | D:5      | Reached XP level 8. HP: 41/41 MP: 13/21
  4199 | D:5      | Reached skill level 8 in Spellcasting
  5084 | D:6      | Found an ancient bone altar of Kikubaaqudgha.
  5113 | D:6      | Reached skill level 9 in Spellcasting
  5113 | D:6      | Reached skill level 1 in Hexes
  5183 | D:6      | Found Usmuimp's Gadget Emporium.
  5631 | D:6      | Found Ferhog's Assorted Antiques.
  5756 | D:6      | Reached skill level 5 in Stealth
  5791 | D:6      | Reached skill level 10 in Spellcasting
  5900 | D:6      | Found Halulan's Distillery.
  5907 | D:6      | Bought a potion of curing for 39 gold pieces
  6047 | D:7      | Found an ornate altar of the Wu Jian Council.
  6117 | D:7      | Reached XP level 9. HP: 46/46 MP: 13/25
  6438 | D:7      | Found a staircase to the Ecumenical Temple.
  6469 | D:7      | Found Kiufeo's Gadget Boutique.
  6504 | D:7      | Found an iron altar of Okawaru.
  6554 | D:7      | Found a glowing silver altar of Zin.
  7000 | Temple   | Entered the Ecumenical Temple
  7007 | Temple   | Became a worshipper of Sif Muna the Loreminder
  7059 | D:8      | HP: 2/46 [centaur/arrow (10)]
  7060 | D:8      | Shot with an arrow by a centaur

Illustrated notes

Levels and vault maps discovered:
D:1:      amcnicky_arrival_double_pillar, layout_basic, minmay_heptomino_d4
D:2:      layout_basic, serial_bayou_pond_e
D:3:      layout_basic, nzn_hepliaklqana_mist_gate, mrwooster_statue_mirror,
          st_stairs_14
D:4:      layout_loops_ring, grunt_temple_overflow_diamond, serial_undead,
          serial_undead_c, serial_undead_c, serial_undead_c, serial_undead_e,
          kennysheep_path_1, hangedman_decor_clover_reticule
D:5:      layout_basic
D:6:      layout_loops_ring, kiku_gazebo_garden_becter, serial_shops, shop,
          shop, nicolae_shop_trees, kennysheep_generic_room_4
D:7:      layout_cave_pods, lemuel_round_altar, kennysheep_mini,
          minmay_temple_entry_butterflies, serial_column_ruins,
          column_ruins_hut, column_ruins_columns_corner,
          column_ruins_open_medium, column_ruins_open_small_water,
          column_ruins_grid_3, column_ruins_grid_4,
          column_ruins_columns_dead_end, serial_shops, shop,
          kennysheep_flooded_box
D:8:      layout_basic, hex_large, kennysheep_just_a_vault, uniq_prince_ribbit1,
          uniq_psyche
Temple:   cyrus_circular_temple

Skill      XL: |  1  2  3  4  5  6  7  8 |
---------------+-------------------------+-----
Conjurations   | 5 6 7 8 9 |  9.6
Stealth        | 3 4 5 |  5.3
Dodging        | 3 4 |  4.4
Spellcasting   | 5 7 10 | 10.5
Hexes          | 1 |  1.4
Fighting       | |  0.3

Action                   |  1- 3 |  4- 6 |  7- 9 || total
-------------------------+-------+-------+-------++-------
Melee: Unarmed           |     3 |       |       ||     3
       Dagger            |       |     7 |     1 ||     8
       Staff             |       |       |     2 ||     2
 Cast: Magic Dart        |    36 |     4 |     4 ||    44
       Searing Ray       |     9 |    31 |    48 ||    88
       Fulminant Prism   |       |       |     5 ||     5
  Use: Scroll            |       |       |     1 ||     1
 Stab: Distracted        |       |       |     1 ||     1
Armor: Robe              |     1 |     7 |     5 ||    13
Dodge: Dodged            |    14 |    22 |    24 ||    60
